 Dungeon Crawl Stone Soup version 0.22-a0-567-gff9aefc (webtiles) character file.

165 Hebeh the Shield-Bearer (level 5, -3/47 HPs)
             Began as a Minotaur Fighter on June 29, 2018.
             Was an Initiate of Trog.
             Slain by Prince Ribbit (8 damage)
             ... on level 5 of the Dungeon.
             The game lasted 00:06:30 (2788 turns).

Hebeh the Shield-Bearer (Minotaur Fighter)          Turns: 2788, Time: 00:06:31

Health: -3/47      AC:  8    Str: 22    XL:     5   Next: 22%
Magic:  4/4        EV:  7    Int:  5    God:    Trog [......]
Gold:   187        SH:  9    Dex:  9    Spells: 4/4 levels left

rFire    + . .     SeeInvis .   a - +0 war axe
rCold    x . .     Gourm    .   c - +0 shield
rNeg     . . .     Faith    .   b - +0 scale mail
rPois    .         Spirit   .   (helmet restricted)
rElec    .         Reflect  .   (no cloak)
rCorr    .         Harm     .   t - +0 pair of gloves
MR       .....                  (no boots)
Stlth    ..........             (no amulet)
HPRegen  0.15/turn              i - ring of flight
MPRegen  0.09/turn              n - ring of fire

@: no status effects
A: retaliatory headbutt, horns 2
a: Renounce Religion, Evoke Flight


You were on level 5 of the Dungeon.
You worshipped Trog.
Trog was noncommittal.
You were not hungry.

You visited 1 branch of the dungeon, and saw 5 of its levels.

You collected 187 gold pieces.

Inventory:

Hand Weapons
 a - a +0 war axe (weapon)
Armour
 b - a +0 scale mail (worn)
 c - a +0 shield (worn)
 t - a +0 pair of gloves (worn)
Jewellery
 i - a ring of flight (left hand)
 n - a ring of fire (right hand)
 y - an uncursed ring of ice {unknown}
Wands
 p - a wand of flame (28)
Scrolls
 e - a scroll of amnesia {unknown}
 l - 3 scrolls of magic mapping {unknown}
 o - 3 scrolls of identify {unknown}
 r - 3 scrolls of remove curse {unknown}
 s - 2 scrolls of immolation {unknown}
 u - 2 scrolls of teleportation {unknown}
 v - 4 scrolls of blinking {unknown}
 z - a scroll of random uselessness {unknown}
Potions
 d - 2 potions of might
 h - 5 potions of heal wounds {unknown}
 j - 2 potions of lignification {unknown}
 k - a potion of agility {unknown}
 m - 2 potions of haste {unknown}
 q - a potion of curing {unknown}
 w - a potion of flight {unknown}
 x - a potion of magic {unknown}
Comestibles
 f - 11 rations
 g - 4 chunks of flesh


   Skills:
 + Level 4.5 Fighting
 * Level 4.5 Axes
 + Level 4.5 Armour
 + Level 4.6 Shields


You had 4 spell levels left.
You didn't know any spells.
Your spell library was empty.

Dungeon Overview and Level Annotations

Branches:
Dungeon (5/15)
 Temple: D:4-7

Altars:
Elyvilon
Okawaru
Ru
Trog
Uskayaw
Xom

Annotations:
D:5 Prince Ribbit


Innate Abilities, Weirdness & Mutations

You reflexively headbutt those who attack you in melee.
You have a pair of horns on your head.


Message History

Prince Ribbit is moderately wounded.
Prince Ribbit hits you but does no damage. x2
You hit Prince Ribbit.
Prince Ribbit is moderately wounded.
Prince Ribbit barely misses you. x2
You slash Prince Ribbit! Your headbutt misses Prince Ribbit.
Prince Ribbit is heavily wounded.
Prince Ribbit barely misses you.
Prince Ribbit hits you but does no damage.
You slash Prince Ribbit!
Prince Ribbit is severely wounded.
Prince Ribbit hits you.
* * * LOW HITPOINT WARNING * * *
Prince Ribbit hits you.
* * * LOW HITPOINT WARNING * * *
You miss Prince Ribbit.
Prince Ribbit is severely wounded.
Prince Ribbit winks and puckers his lips.
Prince Ribbit hits you!
You die...

## #.#
##..#
#..##
#F..#
#@#.#
#.# #
#.#
#<#
#.#
#....#
#.####
#


You could see Prince Ribbit.

Vanquished Creatures
  An orc priest (D:3)
  Robin (D:2)
  3 adders
  An adder skeleton (D:4)
  2 worms (D:3)
  A dart slug (D:1)
  5 leopard geckos
  8 orcs
  7 giant cockroaches
  20 goblins
  2 hobgoblins (D:2)
  3 jackals (D:3)
  6 bats
  5 frilled lizards
  3 kobolds (D:1)
  6 rats
74 creatures vanquished.

Notes
Turn   | Place    | Note
-------+----------+-------------------------------------------
     0 | D:1      | Hebeh the Minotaur Fighter began the quest for the Orb.
     0 | D:1      | Reached XP level 1. HP: 19/19 MP: 0/0
     1 | D:1      | Noticed a minotaur zombie
     3 | D:1      | Noticed a minotaur zombie
    10 | D:1      | Noticed a merfolk zombie
    12 | D:1      | Noticed a merfolk zombie
   255 | D:1      | Reached XP level 2. HP: 26/27 MP: 1/1
   620 | D:2      | Reached XP level 3. HP: 29/33 MP: 2/2
   675 | D:2      | Found an iron altar of Okawaru.
   795 | D:2      | Noticed Robin
   809 | D:2      | Killed Robin
  1224 | D:2      | Reached XP level 4. HP: 38/40 MP: 3/3
  1381 | D:2      | Found a white marble altar of Elyvilon.
  2077 | D:3      | Reached XP level 5. HP: 47/47 MP: 4/4
  2219 | D:4      | Found a white marble altar of Elyvilon.
  2443 | D:4      | Found a sacrificial altar of Ru.
  2443 | D:4      | Found a shimmering altar of Xom.
  2444 | D:4      | Found a hide-covered altar of Uskayaw.
  2446 | D:4      | Found a bloodstained altar of Trog.
  2472 | D:4      | Became a worshipper of Trog the Wrathful
  2758 | D:5      | Entered Level 5 of the Dungeon
  2758 | D:5      | Noticed Prince Ribbit
  2788 | D:5      | Slain by Prince Ribbit

Vault maps used:
D:1:      shiori_arrival_whats_in_store_for_you, kennysheep_doodads,
          minmay_misc_feat_ornament
D:2:      lemuel_coloured_pillars_altar, okawaru_trees_2, uniq_robin
D:4:      grunt_temple_overflow_open, first_ration, elyvilon_altar_5
D:5:      nicolae_tso_carved_into_rock, serial_undead, serial_undead_e,
          serial_undead_d, serial_undead_b, serial_undead_e,
          uniq_prince_ribbit1, uniq_crazy_yiuf_cottage, uniq_menkaure,
          uniq_blork_the_orc

Skill      XL: |  1  2  3  4 |
---------------+-------------+-----
Axes           | 3 4 |  4.5
Fighting       | 4 |  4.5
Armour         | 4 |  4.5
Shields        | 4 |  4.6

Action                   |  1- 3 |  4- 6 || total
-------------------------+-------+-------++-------
Melee: War axe           |    88 |    74 ||   162
       Headbutt          |    10 |    10 ||    20
  Eat: Chunk             |     1 |     5 ||     6
Armor: Scale mail        |    35 |    32 ||    67
Dodge: Dodged            |    39 |    27 ||    66
Block: Shield            |    61 |    44 ||   105

Table legend:
 A = Spawn XP
 B = Non-spawn XP
 C = Spawn XP percentage of total XP
 D = Spawn monster count
 E = Non-spawn monster count
 F = Spawn count percentage of total count
 G = Total turns spent on level
                    A         B        C        D         E        F      G
               +---------+---------+-------+---------+---------+-------+---------
         Total |       0 |     237 |   0.0 |       0 |      74 |   0.0 |  2788
               +---------+---------+-------+---------+---------+-------+---------
           D:1 |       0 |      36 |   0.0 |       0 |      21 |   0.0 |   599
           D:2 |       0 |      75 |   0.0 |       0 |      24 |   0.0 |   970
           D:3 |       0 |     101 |   0.0 |       0 |      25 |   0.0 |   650
           D:4 |       0 |      25 |   0.0 |       0 |       4 |   0.0 |   541
               +---------+---------+-------+---------+---------+-------+---------
